 Dungeon Crawl Stone Soup version 0.14.1-1-g650416f (webtiles) character file.

6289 Quh the Cleaver (level 10, -3/80 HPs)
             Began as a Hill Orc Fighter on May 4, 2014.
             Was an Elder of Makhleb.
             Slain by an Executioner (7 damage)
             ... summoned by the player character
             ... on Level 10 of the Dungeon.
             The game lasted 01:14:17 (11472 turns).

Quh the Cleaver (Hill Orc Fighter)                 Turns: 11472, Time: 01:14:18

HP  -3/80        AC 18     Str 26      XL: 10   Next: 81%
MP  22/22        EV  4     Int  8      God: Makhleb [****..]
Gold 424         SH 19     Dex 10      Spells:  0 memorised,  9 levels left

rFire  . . .     SeeInvis .     l - +4,+2 flail
rCold  . . .     Clarity  .     L - +0 plate armour
rNeg   . . .     Conserve .     c - +0 shield
rPois  .         rCorr    .     i - +0 helmet
rElec  .         rRot     .     A - +2 cloak {+Inv}
SustAb . .       Spirit   .     n - +0 pair of gloves {Str+3}
rMut   .         Warding  .     P - +1 pair of boots
Saprov + . .     Stasis   .     v - amulet of rage
MR     .....                    (no ring)
                                (no ring)

@: drained, not resistant to hostile enchantments, extremely unstealthy
A: saprovore 1
a: Minor Destruction, Lesser Servant of Makhleb, Major Destruction, Renounce
Religion, Evoke Berserk Rage, Evoke Invisibility


You were on level 10 of the Dungeon.
You worshipped Makhleb.
Makhleb was greatly pleased with you.
You were hungry.

You visited 2 branches of the dungeon, and saw 11 of its levels.

You collected 478 gold pieces.
You spent 54 gold pieces at shops.

Inventory:

Hand weapons
 a - a +3,+0 war axe
 h - a +0,+2 bow of evasion
 l - a +4,+2 flail (weapon)
 C - a +2,+2 mace of protection
Missiles
 k - a dart of flame
 t - 114 darts (quivered)
 u - 13 arrows of flame
 G - 14 bolts
 M - 10 arrows of dispersal
 Y - 28 arrows
Armour
 c - a +0 shield (worn)
 i - a +0 helmet (worn)
 j - a +0 chain mail
 n - a +0 pair of gloves of strength (worn)
 A - a +2 cloak of darkness (worn)
 L - a +0 plate armour (worn)
 P - a +1 pair of boots (worn)
Magical devices
 e - a wand of paralysis (16)
 w - a wand of paralysis (11)
 I - a wand of random effects (6)
 T - a wand of paralysis (13)
 U - a wand of flame (16) {unknown}
Comestibles
 d - 5 meat rations
 g - 14 strawberries
 o - 2 rambutans
 D - 8 bread rations
 H - a pear
 J - a royal jelly
 N - 2 apples
 O - 8 slices of pizza
Scrolls
 b - a scroll of enchant weapon I
 p - a scroll of random uselessness
 s - a scroll of recharging
 y - a scroll of fog {unknown}
 S - a scroll of summoning {unknown}
Jewellery
 v - an amulet of rage (around neck)
 z - an uncursed amulet of resist corrosion
Potions
 m - 2 potions of curing
 x - a potion of beneficial mutation {unknown}
 B - a potion of resistance
 E - a potion of mutation {unknown}
 F - 2 potions of restore abilities
 K - a potion of poison {unknown}
 Q - a potion of flight
 R - a potion of paralysis {unknown}
 W - a potion of haste {unknown}
Books
 q - a book of Enchantments

   Spells                             Type                      Level
   Cause Fear                         Hexes                        4
   Silence                            Hexes/Air                    5
   Tukima's Dance                     Hexes                        5
   Deflect Missiles                   Charms/Air                   6
   Haste                              Charms                       6
   Discord                            Hexes                        8


   Skills:
 - Level 4.6(4.3) Fighting
 - Level 11.8(11.5) Axes
 * Level 10.7(10.4) Maces & Flails
 - Level 2.4(2.1) Throwing
 - Level 3.2(2.9) Armour
 - Level 3.2(2.9) Shields
 * Level 7.7(7.4) Invocations
 * Level 9.3(9.0) Evocations


You had 9 spell levels left.
You didn't know any spells.

Dungeon Overview and Level Annotations

Branches:
Dungeon (10/15)            Temple (1/1) D:5
    Orc: D:9-12        Lair: D:8-11

Altars:
Ashenzari
Cheibriados
Dithmenos
Elyvilon
Fedhas
Kikubaaqudgha
Makhleb
Nemelex Xobeh
Okawaru
Trog
Vehumet
Xom
Yredelemnul
Zin
The Shining One
Lugonu

Shops:
D:5 *   D:7 [

Annotations:
D:8 exclusion: ice statue
D:10 Harold


Innate Abilities, Weirdness & Mutations

You can tolerate rotten meat.


Message History

The Executioner hits you but does no damage.
You block the Executioner's attack. x2
The Executioner hits you but does no damage.
Drink which item? (? for menu, Esc to quit)
Okay, then.
Read which item? (? for menu, Esc to quit)
As you read the scroll of fear, it crumbles to dust.
You assume a fearsome visage.
Harold looks frightened!
The Executioner is unaffected.
The Executioner hits you but does no damage. x3
The Executioner hits you!
* * * LOW HITPOINT WARNING * * *
The Executioner hits you but does no damage.
You block the Executioner's attack.
Harold gestures wildly while chanting.
Harold blinks!
The Executioner hits you.
* * * LOW HITPOINT WARNING * * *
You block the Executioner's attack. x2
The Executioner hits you!
You die...

...........)(.>.).).@........
....####..#########.#..#.####
#..##....# #....#.# #
#.....##.######.#.#
#.#...........#.#.#
#.#.####.####.#.#.# ... #.#.#
#.# #.#.#.####
....##.#.####.####...#.....
.... ..#..@.....%..#.....##
... ####1..####.#.....# ...
#...# #.'.....# #.# #ยง..#
###.....# #.# #...# #.....#
#.########...######.....#
#......1...@......#.....#
#.#######.....###.#......#
### #.....# ######.#


You could see Harold (fleeing) and an Executioner.

Vanquished Creatures
  A hill giant (D:10)
  A trapdoor spider (D:10)
  3 hungry ghosts
  Eustachio (D:8)
  A yak (D:8)
  Grum (D:8)
  A deep elf fighter (D:8)
  A hill giant skeleton (D:8)
  2 wolves (D:8)
  2 ice beasts
  2 orc warriors
  3 sky beasts
  A black bear (D:8)
  3 ogres
  3 phantoms
  3 centaurs
  Sigmund (D:3)
  Duvessa (D:4)
  Blork the orc (D:7)
  A big kobold (D:9)
  A gnoll sergeant (D:6)
  7 giant frogs
  2 scorpions
  2 eyes of draining
  A quasit (D:6)
  2 orc priests
  3 wights (D:10)
  Dowan (D:4)
  3 crimson imps
  6 hounds
  2 gnoll shamans
  Crazy Yiuf (D:3)
  A centaur skeleton (D:5)
  3 orc wizards
  7 worker ants
  An iguana (D:5)
  A crocodile zombie (D:7)
  A hound zombie (D:6)
  A mummy (D:9)
  18 gnolls
  11 adders
  A goliath beetle zombie (D:10)
  3 worms
  3 shadow imps
  An ufetubus (D:8)
  An orc zombie (D:6)
  5 giant geckos
  2 oozes
  26 orcs
  20 bats
  A bat skeleton (D:5)
  6 giant cockroaches
  18 hobgoblins
  7 jackals (D:1)
  15 kobolds
  5 quokkas
  2 ball pythons (D:3)
  5 giant newts
  A giant spore (D:6)
  19 goblins
  A jackal zombie (D:5)
  2 kobold skeletons
  19 rats
  A rat skeleton (D:7)
  2 ballistomycetes (D:6)
274 creatures vanquished.

Vanquished Creatures (collateral kills)
  A wyvern (D:9)
  A centaur (D:7)
  A bat zombie (D:7)
3 creatures vanquished.

Vanquished Creatures (others)
  A giant spore (D:7)
1 creature vanquished.

Grand Total: 278 creatures vanquished

Notes
Turn   | Place    | Note
--------------------------------------------------------------
     0 | D:1      | Quh, the Hill Orc Fighter, began the quest for the Orb.
     0 | D:1      | Reached XP level 1. HP: 19/19 MP: 1/1
   213 | D:1      | Reached XP level 2. HP: 27/27 MP: 2/2
   282 | D:1      | Reached skill level 4 in Axes
   302 | D:1      | Reached XP level 3. HP: 24/33 MP: 3/3
  1106 | D:2      | Reached skill level 5 in Axes
  1106 | D:2      | Reached XP level 4. HP: 31/40 MP: 4/4
  2083 | D:3      | Reached XP level 5. HP: 47/47 MP: 5/5
  2088 | D:3      | Found a burning altar of Makhleb.
  2105 | D:3      | Reached skill level 6 in Axes
  2119 | D:3      | Became a worshipper of Makhleb the Destroyer
  2445 | D:3      | Noticed Sigmund
  2476 | D:3      | Killed Sigmund
  2476 | D:3      | Reached skill level 7 in Axes
  2761 | D:3      | Reached XP level 6. HP: 53/53 MP: 6/6
  2927 | D:3      | Found a blossoming altar of Fedhas.
  3027 | D:3      | Found a snail-covered altar of Cheibriados.
  3037 | D:3      | Acquired Makhleb's first power
  3181 | D:3      | Noticed Crazy Yiuf
  3191 | D:3      | Killed Crazy Yiuf
  3191 | D:3      | Reached skill level 1 in Invocations
  3509 | D:4      | Reached skill level 8 in Axes
  4112 | D:4      | Noticed Duvessa
  4114 | D:4      | Noticed Dowan
  4126 | D:4      | Killed Duvessa
  4126 | D:4      | Reached XP level 7. HP: 50/60 MP: 8/11
  4161 | D:4      | Killed Dowan
  4425 | D:4      | Acquired Makhleb's second power
  4888 | D:5      | Entered Level 5 of the Dungeon
  4961 | D:5      | Reached skill level 9 in Axes
  5026 | D:5      | Found a bloodstained altar of Trog.
  5043 | D:5      | Reached skill level 5 in Invocations
  5060 | D:5      | Found Umodeot's Assorted Antiques.
  5087 | D:5      | Reached XP level 8. HP: 29/67 MP: 14/16
  5283 | D:5      | Bought a scroll of identify for 54 gold pieces
  5396 | D:5      | Reached skill level 10 in Axes
  5416 | D:5      | Found an ancient bone altar of Kikubaaqudgha.
  5424 | D:5      | Found a shadowy altar of Dithmenos.
  5498 | D:5      | Found a glowing silver altar of Zin.
  5622 | D:5      | Reached skill level 1 in Evocations
  5666 | D:5      | Found a staircase to the Ecumenical Temple.
  5673 | Temple   | Entered the Ecumenical Temple
  6142 | D:6      | Found an iron altar of Okawaru.
  6257 | D:6      | Acquired Makhleb's third power
  6732 | D:6      | Reached skill level 11 in Axes
  6846 | D:6      | Reached XP level 9. HP: 52/72 MP: 18/18
  7040 | D:7      | Reached skill level 1 in Throwing
  7142 | D:7      | Reached skill level 5 in Evocations
  7258 | D:7      | Acquired Makhleb's fourth power
  7413 | D:7      | Noticed Blork the orc
  7427 | D:7      | Killed Blork the orc
  7566 | D:7      | Identified a scroll of acquirement
  7804 | D:7      | Found Ahuum's Armour Shop.
  8298 | D:7      | Reached skill level 5 in Maces & Flails
  8347 | D:8      | Noticed an ice statue
  8719 | D:8      | Noticed Grum
  8733 | D:8      | Killed Grum
  8741 | D:8      | Reached XP level 10. HP: 62/80 MP: 18/20
  9109 | D:8      | Found a basalt altar of Yredelemnul.
  9464 | D:9      | Noticed Eustachio
  9522 | D:8      | Killed Eustachio
  9925 | D:9      | Acquired Makhleb's fifth power
 10126 | D:10     | Entered Level 10 of the Dungeon
 10126 | D:10     | Noticed Harold
 10408 | D:10     | Reached skill level 10 in Maces & Flails
 10564 | D:10     | Noticed a hill giant
 10577 | D:10     | Killed a hill giant
 11459 | D:10     | Noticed an Executioner
 11471 | D:10     | HP: 4/80 [Executioner[the player character] (1)]
 11472 | D:10     | Slain by an Executioner

Action                   |  1- 3 |  4- 6 |  7- 9 | 10-12 || total
-------------------------+-------+-------+-------+-------++-------
Melee: War axe           |   147 |   233 |   493 |    78 ||   951
       Flail             |       |       |       |   170 ||   170
       Mace              |       |       |       |    76 ||    76
Throw: Dart              |     3 |    39 |    67 |     7 ||   116
Invok: Minor Destruction |       |       |     3 |     5 ||     8
       Major Destruction |       |       |     1 |     2 ||     3
       Lesser Servant of |       |       |     1 |       ||     1
       Greater Servant o |       |       |       |     2 ||     2
 Abil: Evoke Berserk Rag |       |       |       |     1 ||     1
Evoke: Wand              |       |       |     2 |       ||     2
  Use: Scroll            |       |    10 |     9 |     6 ||    25
       Potion            |       |       |     2 |     2 ||     4
 Stab: Distracted        |       |       |     1 |       ||     1
